cohdb
Replays
Latest Replays
All Replays
Popular Replays
Top Player Replays
Match Explorer
How It Works
Community
CoH3 Stats
Reddit
Sign in to upload your games and track your stats! →
Sign in with Steam
Match 43172052
Unlisted
Match 43172052
Overview
Messages
Build Orders
End
Selects Mechanized Battlegroup
Construct Infanterie Kompanie
MG 42 Machine Gun Team
Grenadier Squad
GrW 34 Mortar Team
Grenadier Squad
Grenadier Squad
Construct Luftwaffe Kompanie
Grenadier Squad
Selects Raid Package
Support Elements
Jäger Squad
Medical Station
Jäger Squad
Selects StuG Assault Group
Wirbelwind Flakpanzer
WoW
ninanung
matrix4x4
Elias
ailgbczvo
Yggdrasill
AwA_Calvin
2114751070
0
0
Comments
sign in to comment!
No comments posted yet!